 Dungeon Crawl Stone Soup version 0.24-a0-201-gf205589 (webtiles) character file.

Game seed: 7275411100795685590

7473 Borgoz the Slicer (level 11, -5/66 HPs)
             Began as a Kobold Gladiator on Mar 24, 2019.
             Was a Follower of Ashenzari.
             Slain by a deep troll (10 damage)
             ... on level 9 of the Dungeon.
             The game lasted 00:18:59 (9609 turns).

Borgoz the Slicer (Kobold Gladiator)                Turns: 9609, Time: 00:19:00

Health: -5/66      AC: 16    Str: 22    XL:     11   Next: 37%
Magic:  19/19      EV: 13    Int: 12    God:    Ashenzari [*.....]
Gold:   473        SH:  0    Dex: 16    Spells: 21/21 levels left

rFire    . . .     SeeInvis .   e - +2 short sword (elec)
rCold    + . .     Gourm    .   (shield restricted)
rNeg     . . .     Faith    .   I - +1 plate armour "Lykkuazu" {rElec Str+4} (curse)
rPois    .         Spirit   .   c - +2 helmet
rElec    +         Reflect  .   (no cloak)
rCorr    +         Harm     .   (no gloves)
MR       .....                  (no boots)
Stlth    ..........             (no amulet)
HPRegen  0.21/turn              v - ring of protection from cold
MPRegen  0.16/turn              E - ring of resist corrosion

@: mighty, flying
A: small, carnivore
a: Curse Item, Scrying, Renounce Religion


You were on level 9 of the Dungeon.
You worshipped Ashenzari.
Ashenzari was aware of your devotion.
You were completely stuffed.

You visited 2 branches of the dungeon, and saw 10 of its levels.

You collected 473 gold pieces.

Inventory:

Hand Weapons
 a - a +0 rapier
 e - a +2 short sword of electrocution (weapon)
 j - a +3 vampiric dagger
 C - a +1 dagger of chaos
Missiles
 d - 3 throwing nets (quivered)
 k - 13 tomahawks
 p - 7 needles of sleeping
 A - 10 poisoned needles
 D - 19 bolts
 H - 3 tomahawks of returning
Armour
 b - a +0 leather armour
 c - a +2 helmet (worn)
 I - the cursed +1 plate armour "Lykkuazu" (worn) {rElec Str+4}
   (You took it off an orc warrior on level 7 of the Dungeon)

   It affects your strength (+4).
   It insulates you from electricity.
   It has a curse placed upon it.
Jewellery
 v - a ring of protection from cold (left hand)
 E - a ring of resist corrosion (right hand)
Wands
 n - a wand of acid (4)
 y - a wand of paralysis (3)
 B - a wand of polymorph (9)
Scrolls
 h - 2 scrolls of amnesia
 i - 4 scrolls of remove curse
 m - 2 scrolls of blinking
 o - a scroll of magic mapping
 t - 6 scrolls of fear
Potions
 g - a potion of might
 x - a potion of agility {unknown}
 F - a potion of degeneration {unknown}
Comestibles
 f - 18 rations


   Skills:
 + Level 6.8 Fighting
 + Level 9.0 Short Blades
 + Level 7.1 Throwing
 + Level 4.9 Armour
 + Level 8.3 Dodging
 + Level 8.2 Stealth
 + Level 5.8 Spellcasting
 + Level 6.3 Evocations


You had 21 spell levels left.
You didn't know any spells.
Your spell library was empty.

Dungeon Overview and Level Annotations

Branches:
Dungeon (9/15)             Temple (1/1) D:5
   Lair: D:8-11         Orc: D:9-12

Altars:
Ashenzari
Cheibriados
Dithmenos
Elyvilon
Fedhas
Gozag
Hepliaklqana
Kikubaaqudgha
Makhleb
Nemelex Xobeh
Okawaru
Qazlal
Ru
Sif Muna
Trog
Uskayaw
Vehumet
Wu Jian
Xom
Yredelemnul
Zin
The Shining One
Beogh


Innate Abilities, Weirdness & Mutations

You are small and have problems with some larger weapons.
You are carnivorous and can eat meat at any time.


Message History

The deep troll claws you but does no damage.
Okay, then.
Evoke which item? (* to show all) (? for menu, Esc to quit)
Aiming: Paralyse
Press: ? - help, Shift-Dir - straight line, f - deep troll
Aim: a deep troll (moderately wounded, chance to defeat MR: 48%)
The deep troll resists with some effort.
The deep troll bites you.
* * * LOW HITPOINT WARNING * * *
The deep troll barely misses you.
The deep troll claws you but does no damage.
Evoke which item? (* to show all) (? for menu, Esc to quit)
Aiming: Paralyse
Press: ? - help, Shift-Dir - straight line, f/p - deep troll
Aim: a deep troll (moderately wounded, chance to defeat MR: 48%)
The deep troll resists with some effort.
The deep troll bites you.
* * * LOW HITPOINT WARNING * * *
The deep troll claws you!
You die...

.#....<'.######.....# ##...รท.###
##'#### ###'### ##.# #...# #..# #
####'########'####### #
###........##.........### #######
#.'........##[..>.....+.###......
..#........##..T......#...'......
.##.............@.....#####......
###.........#.........# #......
#........##.........# #......
#........######'##### #......
#........# ##.# #......
####'##### #..# ####### #.#
####'###### # #.# #.........# ###
#.# #.........# #..


You could see a deep troll.

Vanquished Creatures
  Erica (D:9)
  The ghost of kal9871 the Slinger, a novice HaHu of Okawaru (D:7)
  A deep elf knight (D:8)
  An unseen horror (D:8)
  The ghost of Tenar the Thaumaturge, a novice DEFE of Vehumet (D:8)
  A hippogriff (D:4)
  3 yaks (D:9)
  3 orc warriors
  3 ice beasts (D:6)
  5 ogres
  3 phantoms
  2 necrophages
  2 centaurs
  3 bullfrogs
  3 scorpions
  6 killer bees (D:7)
  5 wights (D:9)
  2 howler monkeys
  A centaur zombie (D:6)
  6 crimson imps
  A jelly (D:5)
  2 bullfrog zombies
  3 quasits
  A centaur skeleton (D:8)
  8 orc priests
  7 hounds
  Terence (D:3)
  3 iguanas
  4 orc wizards
  7 worker ants
  A hound zombie (D:7)
  2 howler monkey zombies
  11 adders
  3 gnolls (D:2)
  A shadow imp (D:8)
  An adder skeleton (D:9)
  3 worms
  5 leopard geckos
  27 orcs
  2 giant cockroaches
  4 hobgoblins
  12 jackals
  7 kobolds
  3 quokkas
  A ball python zombie (D:6)
  6 bats
  8 frilled lizards
  8 goblins
  A quokka zombie (D:9)
  8 rats
204 creatures vanquished.

Notes
Turn   | Place    | Note
-------+----------+-------------------------------------------
     0 | D:1      | Borgoz the Kobold Gladiator began the quest for the Orb.
     0 | D:1      | Reached XP level 1. HP: 12/12 MP: 1/1
   367 | D:1      | Reached XP level 2. HP: 17/17 MP: 2/2
   944 | D:2      | Found an ornate altar of the Wu Jian Council.
   944 | D:2      | Found a bloodstained altar of Trog.
  1009 | D:2      | Reached skill level 1 in Stealth
  1009 | D:2      | Reached XP level 3. HP: 20/22 MP: 2/4
  1199 | D:3      | Found a faded altar of an unknown god.
  1422 | D:3      | Found a sacrificial altar of Ru.
  1490 | D:3      | Reached XP level 4. HP: 26/27 MP: 5/5
  1493 | D:3      | Reached skill level 1 in Spellcasting
  1576 | D:2      | Reached skill level 1 in Armour
  1830 | D:2      | Reached XP level 5. HP: 32/32 MP: 6/6
  2206 | D:3      | Noticed Terence
  2218 | D:3      | Killed Terence
  2391 | D:3      | Found a snail-covered altar of Cheibriados.
  2403 | D:3      | Reached XP level 6. HP: 32/37 MP: 8/8
  2912 | D:4      | Reached skill level 5 in Short Blades
  3031 | D:4      | Noticed a hippogriff
  3043 | D:4      | Killed a hippogriff
  3043 | D:4      | Reached skill level 1 in Evocations
  3043 | D:4      | Reached XP level 7. HP: 11/41 MP: 8/10
  3582 | D:5      | Entered Level 5 of the Dungeon
  3951 | D:5      | Found a staircase to the Ecumenical Temple.
  3956 | D:5      | Reached skill level 5 in Dodging
  3968 | Temple   | Entered the Ecumenical Temple
  4004 | Temple   | Became a worshipper of Ashenzari the Shackled
  4077 | D:5      | Reached XP level 8. HP: 48/48 MP: 11/11
  4328 | D:5      | Found a shimmering altar of Xom.
  4670 | D:6      | Found a hide-covered altar of Uskayaw.
  4691 | D:6      | Reached skill level 6 in Short Blades
  4852 | D:6      | Found an opulent altar of Gozag.
  4853 | D:6      | Found a burning altar of Makhleb.
  5097 | D:5      | Reached skill level 5 in Stealth
  5097 | D:5      | Reached XP level 9. HP: 41/52 MP: 12/14
  5338 | D:6      | Found an ancient bone altar of Kikubaaqudgha.
  5607 | D:7      | Reached skill level 5 in Throwing
  5901 | D:7      | Reached skill level 5 in Fighting
  5912 | D:7      | Reached skill level 7 in Short Blades
  6144 | D:7      | Found a runed translucent gate.
  6144 | D:7      | Found a runed translucent gate.
  6146 | D:7      | Found a runed translucent gate.
  6148 | D:7      | Noticed kal9871's ghost (novice HaHu)
  6149 | D:7      | Identified the cursed +1 plate armour "Lykkuazu" {rElec
                  | Str+4}
  6152 | D:7      | Found a roughly hewn altar of Beogh.
  6229 | D:7      | Found an iron altar of Okawaru.
  6330 | D:7      | Found a sparkling altar of Nemelex Xobeh.
  6723 | D:8      | Reached XP level 10. HP: 52/59 MP: 16/16
  7006 | D:8      | Reached * piety under Ashenzari
  7754 | D:8      | Found a runed translucent gate.
  7755 | D:8      | Found a runed translucent gate.
  7756 | D:8      | Found a runed translucent gate.
  7757 | D:8      | Found an opulent altar of Gozag.
  7758 | D:8      | Noticed Tenar's ghost (novice DEFE)
  7760 | D:8      | Noticed a deep elf knight
  7979 | D:9      | Reached skill level 5 in Evocations
  8094 | D:9      | Found a white marble altar of Elyvilon.
  8242 | D:9      | Noticed Erica
  8256 | D:9      | Killed Erica
  8256 | D:9      | Reached skill level 8 in Short Blades
  8256 | D:9      | Reached skill level 5 in Spellcasting
  9050 | D:9      | Noticed an ettin
  9057 | D:9      | Found a glowing silver altar of Zin.
  9058 | D:9      | Noticed a deep troll
  9059 | D:9      | Found an ornate altar of the Wu Jian Council.
  9176 | D:7      | Killed kal9871's ghost
  9176 | D:7      | Reached XP level 11. HP: 66/66 MP: 17/19
  9310 | D:8      | Killed a deep elf knight
  9320 | D:8      | Killed Tenar's ghost
  9322 | D:8      | Killed an unseen horror
  9322 | D:8      | Reached skill level 9 in Short Blades
  9609 | D:9      | Slain by a deep troll

Levels and vault maps discovered:
D:1:      dpeg_arrival_lava_altar, layout_basic, minmay_small_reverse_x
D:2:      layout_basic, gammafunk_temple_overflow_wave
D:3:      layout_loops_ring, lemuel_crystal_altar, lemuel_doored_altar,
          serial_bayou, serial_bayou_lagoon_b, serial_bayou_shore_a,
          serial_bayou_pond_a, serial_bayou_pond_e,
          chequers_ecumenical_altar_island, uniq_terence
D:4:      minmay_thick_lines, layout_basic, first_ration
D:5:      layout_rooms, minmay_temple_entry_tees, grunt_ministairs_6,
          led_xom_imps
D:6:      layout_rooms, marbit_many_paths, eat_drink_and_be_merry_uskayaw,
          gammafunk_temple_overflow_pools
D:7:      layout_basic, okawaru_metal_pillars_1_2, biasface_ghost_orc_armoury,
          grunt_ogre_cave, nrook_mini_backslash, nemelex_diamond_rough_becter
D:8:      layout_layer_cave, ebering_ghost_gozag
D:9:      layout_roguey, elyvilon_altar_1, jmf_multi_god_temple, uniq_erica
Temple:   nicolae_temple_hex_pool

Skill      XL: |  1  2  3  4  5  6  7  8  9 10 11 |
---------------+----------------------------------+-----
Stealth        | 1 2 3 5 6 7 8 |  8.2
Spellcasting   | 1 2 3 4 5 |  5.8
Armour         | 1 2 3 4 |  4.9
Dodging        | 4 5 6 7 8 |  8.3
Throwing       | 3 4 5 6 7 |  7.1
Fighting       | 3 4 5 6 |  6.8
Short Blades   | 5 6 7 8 9 |  9.0
Evocations     | 1 3 4 5 6 |  6.3

Action                   |  1- 3 |  4- 6 |  7- 9 | 10-12 || total
-------------------------+-------+-------+-------+-------++-------
Melee: Rapier            |    12 |       |       |       ||    12
       Short sword       |    66 |   139 |   256 |   219 ||   680
Throw: Throwing net      |       |     1 |     2 |       ||     3
Evoke: Wand              |       |       |    10 |     8 ||    18
  Use: Scroll            |     1 |       |     9 |     8 ||    18
       Potion            |       |       |    10 |     5 ||    15
 Stab: Sleeping          |     3 |     4 |     5 |     6 ||    18
       Paralysed         |       |       |     4 |     3 ||     7
       Invisible         |       |       |     3 |       ||     3
       Distracted        |       |       |     1 |       ||     1
  Eat: Chunk             |    10 |     5 |    12 |     9 ||    36
Armor: Leather armour    |    19 |    17 |    31 |    12 ||    79
       Skin              |       |       |    47 |       ||    47
       Plate armour      |       |       |       |    27 ||    27
Dodge: Dodged            |    62 |    98 |   186 |   133 ||   479

Table legend:
 A = Non-vault XP
 B = Vault XP
 C = Vault XP percentage of total XP
 D = Non-vault monster count
 E = Vault monster count
 F = Vault count percentage of total count
                 A         B        C        D         E       F
            +---------+---------+-------+---------+---------+-------
      Total |    5702 |    4975 |  46.6 |     172 |      32 |  15.7
            +---------+---------+-------+---------+---------+-------
        D:1 |      15 |       5 |  25.0 |      11 |       4 |  26.7
        D:2 |     102 |       0 |   0.0 |      24 |       0 |   0.0
        D:3 |     116 |      36 |  23.7 |      32 |       1 |   3.0
        D:4 |     105 |     307 |  74.5 |       7 |       5 |  41.7
        D:5 |     539 |     145 |  21.2 |      10 |       4 |  28.6
        D:6 |     971 |      42 |   4.1 |      21 |       1 |   4.5
        D:7 |    1117 |    1130 |  50.3 |      23 |      11 |  32.4
        D:8 |     946 |    2334 |  71.2 |      16 |       5 |  23.8
        D:9 |    1791 |     976 |  35.3 |      28 |       1 |   3.4
            +---------+---------+-------+---------+---------+-------
